 Dungeon Crawl Stone Soup version 0.28-a0-1518-gbe868bca14 (webtiles) character file.

Game seed: 12938765700400742769

67 Pin the Ducker (level 4, -3/28 HPs)
             Began as an Octopode Transmuter on Jan 17, 2022.
             Was a Follower of Fedhas.
             Slain by a gnoll (8 damage)
             ... on level 2 of the Dungeon.
             The game lasted 00:04:55 (2571 turns).

Pin the Ducker (Octopode Transmuter)                Turns: 2571, Time: 00:04:56

Health: -3/28      AC:  1    Str:  9    XL:     4   Next: 16%
Magic:  0/7        EV: 14    Int: 15    God:    Fedhas [*.....]
Gold:   64         SH:  0    Dex: 14    Spells: 6/7 levels left

rFire   . . .      SeeInvis .     - Unarmed
rCold   . . .      Faith    .   (no shield)
rNeg    . . .      Spirit   +   (helmet currently unavailable)
rPois   .          Reflect  .   a - amulet of guardian spirit
rElec   .          Harm     .   (no ring)
rCorr   .          Rampage  .   (no ring)
Will    .....                   (no ring)
Stlth   ++........              (no ring)
HPRegen 0.09/turn               (no ring)
MPRegen 0.10/turn               (no ring)
                                (no ring)
                                (no ring)

@: appendages (expiring)
A: tentacle spike 3, almost no armour, amphibious, 8 rings, camouflage 1,
gelatinous body 1, (nimble swimmer 1), tentacles
a: End Transformation, Renounce Religion


You were on level 2 of the Dungeon.
You worshipped Fedhas.
Fedhas was aware of your devotion.
One of your tentacles had grown a beastly spike.
You visited 1 branch of the dungeon, and saw 2 of its levels.

You collected 64 gold pieces.

Inventory:

Jewellery
 a - an amulet of guardian spirit (around mantle)
Scrolls
 c - a scroll of magic mapping
Potions
 b - a potion of heal wounds
 d - a potion of brilliance {unknown}


   Skills:
 - Level 1.0 Fighting
 + Level 4.3 Dodging
 - Level 3.0 Unarmed Combat
 - Level 2.0 Spellcasting
 - Level 2.0 Transmutations


You had 6 spell levels left.
You knew the following spells:

 Your Spells              Type           Power      Damage    Failure   Level
a - Beastly Appendage     Tmut           14%        N/A       10%         1

Your spell library contained the following spells:

 Spells                   Type           Power      Damage    Failure   Level
 Wereblood                Tmut           7%         N/A       14%         2
 Spider Form              Tmut/Pois      4%         N/A       41%         3
 Ozocubu's Armour         Ice            1%         N/A       54%         3
 Ice Form                 Ice/Tmut       4%         N/A       82%         4
 Metabolic Englaciation   Hex/Ice        0%         N/A       99%         5
 Simulacrum               Ice/Necr       0%         N/A       100%        6
 Ozocubu's Refrigeration  Ice            0%         4d5       100%        7


Dungeon Overview and Level Annotations

Branches:
Dungeon (2/15)

Altars:
Fedhas


Innate Abilities, Weirdness & Mutations

One of your tentacles has grown a beastly spike.
You cannot wear most types of armour.
You are amphibious.
You can wear up to eight rings at the same time.
Your skin changes colour to match your surroundings (Stealth+).
Your rubbery body absorbs attacks. (AC +1, EV +1)
((You are camouflaged when in or above water. (Stealth+)))
You have tentacles for arms and can constrict up to eight enemies at once.


Message History

You see here an adder corpse.
You wriggle carefully through the plants.
You wriggle carefully through the plants.
You wriggle carefully through the plants.
Things that are here:
a +0 dagger; 2 poisoned darts You wriggle carefully through the plants.
You wriggle carefully through the plants.
You wriggle carefully through the plants.
You wriggle carefully through the plants.
There is a stone staircase leading down here.
Found an escape hatch in the floor.
You now have 64 gold pieces (gained 9).
c - a scroll of magic mapping A gnoll comes into view.
It is wielding a +0 spear.
The gnoll shouts!
You hear a shout!
The gnoll shouts!
Casting: Beastly Appendage (safe; 10% risk of failure)
Confirm with . or Enter, or press ? or * to list all spells.
One of your tentacles grows a vicious spike.
A gnoll comes into view. It is wielding a +0 spear.
The gnoll hits you from afar with a +0 spear.
Your transformation is almost over.
The gnoll barely misses you. The gnoll misses you.
You tentacle-slap the gnoll. Your grab misses the gnoll.
The gnoll is lightly wounded.
The gnoll hits you with a +0 spear! The gnoll misses you.
The gnoll hits you with a +0 spear.
The gnoll hits you from afar with a +0 halberd!
* * * LOW HITPOINT WARNING * * *
You closely miss the gnoll. You grab the gnoll.
The gnoll is lightly wounded.
You constrict the gnoll.
The gnoll struggles to escape constriction.
The gnoll completely misses you.
You tentacle-slap the gnoll.
The gnoll is heavily wounded.
You constrict the gnoll.
The gnoll escapes!
The gnoll hits you from afar with a +0 halberd!
You die...
Fedhas appreciates your contribution to the ecosystem.

♣......##*.,***..##
♣####...##***#...#
.####....# *,...#
..#......# *,...#
........#####*,..#
.......###..##*Jg#
####..###....###g#
# #..##......##.#
#...........g@#
#.......#######
#########


You could see 3 gnolls and an endoplasm.

Vanquished Creatures
  3 adders (D:2)
  A worm (D:2)
  2 dart slugs (D:1)
  2 endoplasms
  3 giant cockroaches
  3 hobgoblins
  3 ball pythons
  5 bats (D:1)
  2 frilled lizards (D:1)
  3 goblins
  3 kobolds (D:2)
  6 rats (D:1)
36 creatures vanquished.

Vanquished Creatures (others)
  12 plants (D:2)
12 creatures vanquished.

Grand Total: 48 creatures vanquished

Notes
Turn   | Place    | Note
-------+----------+-------------------------------------------
     0 | D:1      | Pin the Octopode Transmuter began the quest for the Orb.
     0 | D:1      | Reached XP level 1. HP: 13/13 MP: 3/3
   410 | D:1      | Reached XP level 2. HP: 17/18 MP: 5/5
   548 | D:1      | Found a faded altar of an unknown god.
   589 | D:1      | Reached skill level 3 in Dodging
   601 | D:1      | Prayed at the altar of an unknown god.
   601 | D:1      | Became a worshipper of Fedhas Madash
   601 | D:1      | Reached * piety under Fedhas
   693 | D:1      | You fall into a shaft and drop 1 floor!
   812 | D:1      | Reached XP level 3. HP: 21/23 MP: 3/6
  1408 | D:2      | Reached skill level 4 in Dodging
  1761 | D:2      | Reached XP level 4. HP: 28/28 MP: 7/7
  2571 | D:2      | Slain by a gnoll

Illustrated notes

Levels and vault maps discovered:
D:1:      psy_arrival_radial02, layout_basic,
          hellmonk_ecumenical_altar_crossroads, minmay_strange_pillars
D:2:      wad_woods_pond, layout_basic, serial_aquarium, aquarium_bridge_square
          [aquarium_subvault_bridge, aquarium_subvault_window,
          aquarium_subvault_wall, aquarium_subvault_wall],
          aquarium_bridge_straight [aquarium_subvault_bridge,
          aquarium_subvault_window, aquarium_subvault_bridge,
          aquarium_subvault_window], aquarium_window_1,
          aquarium_window_corridor_3, aquarium_window_fake, aquarium_view_2d,
          aquarium_pool_2, minivault_19

Skill      XL: |  1  2  3 |
---------------+----------+-----
Dodging        | 3 4 |  4.3
Fighting       | |  1.0
Unarmed Combat | |  3.0
Spellcasting   | |  2.0
Transmutations | |  2.0

Action                   |  1- 3 |  4- 6 || total
-------------------------+-------+-------++-------
Melee: Unarmed           |    77 |     6 ||    83
       Constrict         |    27 |     2 ||    29
       Tentacles         |    10 |     1 ||    11
       Punch             |     2 |       ||     2
       Kick              |     7 |     2 ||     9
 Cast: Beastly Appendage |     3 |     2 ||     5
  Use: Scroll            |     2 |     1 ||     3
 Stab: Sleeping          |     7 |       ||     7
Armor: Skin              |     8 |       ||     8
Dodge: Dodged            |    57 |     6 ||    63

Table legend: (Time is in decaauts)
 A = Elapsed time spent in this place.
 B = Non-inter-level travel time spent in this place.
 C = Inter-level travel time spent in this place.
 D = Time resting spent in this place.
 E = Time spent auto-exploring this place.
 F = Levels seen in this place.
 G = Mean time per level.
                   A        B        C        D        E       F      G
               +--------+--------+--------+--------+--------+-----+--------+
         Total |   2580 |   2566 |     14 |    423 |   1858 |   2 | 1290.0 |
       Dungeon |   2580 |   2566 |     14 |    423 |   1858 |   2 | 1290.0 |
               +--------+--------+--------+--------+--------+-----+--------+

Top non-repeatable levels by time:
     D:2: 1295 daAuts
     D:1: 1285 daAuts
